 Dungeon Crawl Stone Soup version 0.30.1-11-g7821555f0a (webtiles) character file.

Game seed: 11707695779589475027

217 comborobin the Cudgeller (level 5, 0/42 HPs)
             Began as a Demigod Delver on Dec 16, 2023.
             Slain by Grinder (2 damage)
             ... on level 3 of the Dungeon.
             The game lasted 00:02:02 (1177 turns).

comborobin the Cudgeller (Demigod Delver)           Turns: 1177, Time: 00:02:03

Health: 0/42       AC:  3    Str: 17    XL:     5   Next: 35%
Magic:  7/7        EV: 12    Int: 12    God:
Gold:   53         SH:  0    Dex: 15    Spells: 4/4 levels left

rFire   . . .        m - +2 scythe (venom)
rCold   . . .        (shield currently unavailable)
rNeg    . . .        b - +0 leather armour
rPois   .            (no helmet)
rElec   .            (no cloak)
rCorr   .            (no gloves)
SInv    .            (no boots)
Will    .....        (no amulet)
Stlth   +++          (no ring)
HPRegen 0.27/turn    (no ring)
MPRegen 0.10/turn

%: no passive effects
@: no status effects
A: high MP 1, forlorn, divine attributes
a: no special abilities


You were on level 3 of the Dungeon.
You visited 1 branch of the dungeon, and saw 3 of its levels.

You collected 53 gold pieces.

Inventory:

Hand Weapons
 a - a +0 flail
 h - a +0 mace
 m - a +2 scythe of venom (weapon)
Armour
 b - a +0 leather armour (worn)
Wands
 g - a wand of digging (3)
Scrolls
 c - a scroll of fog
 d - a scroll of magic mapping
 e - a scroll of fear
 i - a scroll of teleportation {unknown}
 j - a scroll of amnesia {unknown}
 k - a scroll of identify {unknown}
 l - a scroll of torment {unknown}
 n - a scroll of enchant weapon {unknown}
 o - a scroll of poison {unknown}
Potions
 f - a potion of magic


   Skills:
 - Level 2.6 Fighting
 - Level 5.1 Maces & Flails
 + Level 1.5 Polearms
 - Level 1.7 Dodging
 - Level 4.5 Stealth


You had 4 spell levels left.
You didn't know any spells.
Your spell library contained the following spells:

 Spells                   Type           Power      Damage    Failure   Level
 Poisonous Vapours        Pois/Air       0%         N/A       52%         2
 Mephitic Cloud           Conj/Pois/Air  0%         N/A       77%         3
 Freezing Cloud           Conj/Ice/Air   0%         6-21      100%        5


Dungeon Overview and Level Annotations

Branches:
Dungeon (5/15)
 Temple: D:4-7

Shops:
D:3 (

Annotations:
D:3 Grinder
D:5 Duvessa


Innate Abilities, Weirdness & Mutations

You have an increased reservoir of magic. (+10% MP)
You shall have no god before yourself.
Your divine heritage dramatically boosts your attributes as you level up.


Message History

You open the door.
There is an open door here.
You open the door.
There is an open door here.
Grinder comes into view.
Grinder shouts!
Grinder is nearby!
Found 5 boomerangs.
Grinder is nearby!
Found 4 stones.
Found a stone staircase leading up.
You barely miss Grinder. Grinder closely misses you. Grinder gestures at you.
You suddenly lose the ability to move!
Grinder barely misses you.
A hobgoblin comes into view.
Grinder hits you.
You writhe in agony.
You can move again.
It was a potion of magic.
Magic courses through your body. Grinder hits you.
You writhe in agony.
You puncture Grinder!
Grinder is moderately wounded.
Grinder hits you.
You writhe in agony.
You closely miss Grinder.
Grinder is moderately wounded.
Grinder hits you.
You writhe in agony.
* * * LOW HITPOINT WARNING * * *
You closely miss Grinder.
Grinder is moderately wounded.
Grinder barely misses you.
Grinder blinks!
The hobgoblin hits you.
* * * LOW HITPOINT WARNING * * *
Grinder gestures at you. Pain shoots through your body!
* * * LOW HITPOINT WARNING * * *
You barely miss Grinder.
Grinder is moderately wounded.
The hobgoblin closely misses you. Grinder hits you!
* * * LOW HITPOINT WARNING * * *
You writhe in agony.
You die...

..............<. #..
...........(.... #.#
................ #.#
............... ####.#
............. ....#
..(........# #+# #...#
.......5g..###.#####>#..
.......@.....#....##....
##########.#.#....##..#.
#.#.#....##..#.
#.#......##>.#.
####.#......##..#.
....#..#.......#.
#..#.....###.##.
#..#.###........
###...........#.##


You could see Grinder and a hobgoblin.

Vanquished Creatures
  Sigmund (D:3)
  Jessica (D:3)
  An adder (D:3)
  2 orcs (D:3)
  A bat (D:3)
  2 endoplasms (D:3)
  2 goblins
  4 jackals (D:3)
  A ball python (D:3)
  4 rats (D:3)
19 creatures vanquished.

Notes
Turn   | Place    | Note
-------+----------+-------------------------------------------
     0 | D:5      | comborobin the Demigod Delver began the quest for the Orb.
     0 | D:5      | Reached XP level 1. HP: 18/18 MP: 3/3
     0 | D:5      | Noticed Duvessa
     7 | D:5      | Noticed a hound
     8 | D:5      | Noticed an iguana
   250 | D:3      | Reached skill level 2 in Maces & Flails
   375 | D:3      | Reached XP level 2. HP: 19/25 MP: 4/4
   542 | D:3      | Noticed Sigmund
   557 | D:3      | Killed Sigmund
   558 | D:3      | Reached skill level 5 in Maces & Flails
   558 | D:3      | Reached XP level 3. HP: 12/30 MP: 5/5
   558 | D:3      | Reached XP level 4. HP: 15/37 MP: 6/6
   558 | D:3      | Reached XP level 5. HP: 17/42 MP: 7/7
   695 | D:3      | Found Zideffash's Antique Weapon Boutique.
   746 | D:3      | Noticed Jessica
   757 | D:3      | Killed Jessica
   758 | D:3      | Reached skill level 1 in Polearms
   781 | D:3      | HP: 2/42 [poisoned by an adder]
  1164 | D:3      | Noticed Grinder
  1168 | D:3      | Paralysed by Grinder for 3 turns
  1177 | D:3      | HP: 2/42 [Grinder (9)]
  1177 | D:3      | Slain by Grinder

Illustrated notes

Levels and vault maps discovered:
D:3:      layout_basic, serial_shops, nicolae_shop_just_a_little_nook,
          st_stairs_3, dk_noncrumbling_2, uniq_jessica, uniq_natasha,
          uniq_sigmund, uniq_grinder
D:4:      minmay_general_purpose_star, layout_cave_pods,
          mainiacjoe_overflow_24_doors, serial_shops,
          nicolae_shop_temple_entry_statues_fountains, kennysheep_path_1
D:5:      layout_gridville, minmay_temple_entry_ruins, roderic_serpentine_path,
          st_stairs_3, minmay_between, uniq_duvessa, uniq_eustachio

Skill      XL: |  1  2  3  4  5 |
---------------+----------------+-----
Maces & Flails | 2 5 |  5.1
Polearms       | 1 |  1.5
Fighting       | |  2.6
Dodging        | |  1.7
Stealth        | |  4.5

Action                     |  1- 3 |  4- 6 || total
---------------------------+-------+-------++-------
  Melee: Flail             |    45 |       ||    45
         Halberd           |       |    25 ||    25
    Use: Potion            |     1 |     2 ||     3
   Stab: Sleeping          |     2 |     2 ||     4
 Armour: Leather armour    |    11 |     8 ||    19
  Dodge: Dodged            |    22 |    24 ||    46
